 Dungeon Crawl Stone Soup version 0.29.1-1-gd02db6906a (webtiles) character file.

Game seed: 10409650642287493064

3879 Jakudza the Zephyrmancer (level 10, -2/56 HPs)
             Began as a Tengu Air Elementalist on Sept 16, 2022.
             Was an Initiate of Vehumet.
             Slain by a yak (15 damage)
             ... on level 8 of the Dungeon.
             The game lasted 00:34:12 (11439 turns).

Jakudza the Zephyrmancer (Tengu Air Elementalist)  Turns: 11439, Time: 00:34:13

Health: -2/56      AC:  2    Str: 10    XL:     10   Next: 19%
Magic:  14/20      EV: 18    Int: 25    God:    Vehumet [......]
Gold:   464        SH:  0    Dex: 14    Spells: 14/21 levels left

rFire   + . .      SeeInvis .   p - +1 mace (protect)
rCold   . . .      Faith    +   (no shield)
rNeg    . . .      Spirit   .   a - +1 robe
rPois   .          Reflect  .   (helmet restricted)
rElec   .          Harm     .   (no cloak)
rCorr   .          Rampage  .   (no gloves)
Will    .....                   (boots unavailable)
Stlth   ++........              q - amulet of faith
HPRegen 0.18/turn               v - ring of protection from fire
MPRegen 0.17/turn               m - +6 ring of intelligence

@: flying quickly and evasively, quick
A: beak, talons 3, nimble flight, deformed body
a: Renounce Religion


You were on level 8 of the Dungeon.
You worshipped Vehumet.
Vehumet was noncommittal.
You visited 2 branches of the dungeon, and saw 9 of its levels.
You also visited: Sewer.

You collected 464 gold pieces.

Inventory:

Hand Weapons
 p - a +1 mace of protection (weapon)
Missiles
 c - 3 throwing nets
Armour
 a - a +1 robe (worn)
Jewellery
 e - a +6 ring of strength
 m - a +6 ring of intelligence (right hand)
 q - an amulet of faith (around neck)
 v - a ring of protection from fire (left hand)
 w - a ring of protection from cold
Wands
 h - a wand of mindburst (15)
Scrolls
 i - a scroll of enchant armour
 k - a scroll of amnesia
 l - 3 scrolls of teleportation
 n - 3 scrolls of blinking
 s - a scroll of enchant weapon
 t - a scroll of summoning
 u - 2 scrolls of identify
Potions
 b - 4 potions of magic
 d - a potion of resistance {unknown}
 f - 2 potions of brilliance
 g - a potion of heal wounds
 j - a potion of lignification {unknown}
 o - 4 potions of curing
 r - 2 potions of invisibility {unknown}


   Skills:
 - Level 4.0 Fighting
 + Level 7.0 Dodging
 - Level 2.2 Stealth
 + Level 6.0 Spellcasting
 * Level 8.2 Conjurations
 * Level 11.8 Air Magic


You had 14 spell levels left.
You knew the following spells:

 Your Spells              Type           Power      Damage    Failure   Level
a - Shock                 Conj/Air       100%       1d9       1%          1
b - Static Discharge      Conj/Air       55%        3-10/arc  1%          2
c - Airstrike             Air            30%        2d(5-21)  1%          4

Your spell library contained the following spells:

 Spells                   Type           Power      Damage    Failure   Level
 Swiftness                Air            61%        N/A       1%          3
 Lightning Bolt           Conj/Air       27%        1d44      3%          5
 Necrotise                Necr           28%        1d5       8%          1
 Ensorcelled Hibernation  Hex/Ice        14%        N/A       11%         2
 Passwall                 Tmut/Erth      5%         N/A       11%         2
 Sublimation of Blood     Necr           7%         N/A       11%         2
 Ozocubu's Armour         Ice            7%         N/A       22%         3
 Irradiate                Conj/Tmut      14%        3d16      36%         5
 Petrify                  Tmut/Erth      7%         N/A       58%         4
 Maxwell's Capacitive Co  Air            30%        ∞         98%         8
 Ozocubu's Refrigeration  Ice            3%         4d8       100%        7


Dungeon Overview and Level Annotations

Branches:
Dungeon (8/15)             Temple (1/1) D:6           Sewer (visited)
   Lair: D:8-11

Altars:
Ashenzari
Cheibriados
Dithmenos
Elyvilon
Fedhas
Gozag
Hepliaklqana
Kikubaaqudgha
Makhleb
Nemelex Xobeh
Okawaru
Qazlal
Ru
Sif Muna
Trog
Uskayaw
Vehumet
Xom
Yredelemnul
Zin
The Shining One

Shops:
D:2 *   D:6 *

Annotations:
D:8 Erica


Innate Abilities, Weirdness & Mutations

You have a beak for a mouth.
You have claws for feet.
Your magical nature lets you fly swiftly and evasively.
Armour fits poorly on your strangely shaped body.


Message History

You are struck by an arc of lightning.
The yak is struck by an arc of lightning.
The yak is moderately wounded.
The lightning grounds out.
The yak is struck by an arc of lightning.
The yak is heavily wounded.
You are struck by an arc of lightning.
The orc wizard is struck by an arc of lightning!
The orc wizard is almost dead.
The lightning grounds out.
The yak bellows!
The yak barely misses you. The orc wizard completely misses you.
A yak comes into view.
The yak completely misses you.
Casting: Static Discharge (safe; 1% risk of failure)
Confirm with . or Enter, or press ? or * to list all spells.
The yak is struck by an arc of lightning!
The yak is heavily wounded.
You are struck by an arc of lightning.
The lightning grounds out.
The yak bellows!
You hear a bellow!
The yak gores you!
An orc comes into view. It is wielding a +0 dagger.
The orc wizard hits you with a +0 dagger.
The yak misses you.
Casting: Static Discharge (safe; 1% risk of failure)
Confirm with . or Enter, or press ? or * to list all spells.
The yak is struck by an arc of lightning!
The yak is severely wounded.
You are struck by an arc of lightning.
The orc wizard is struck by an arc of lightning.
You kill the orc wizard!
Vehumet accepts your kill.
The lightning grounds out.
Erica the Fiery-Tempered comes into view.
She is wielding a +0 scimitar of flaming and wearing a +2 robe of resistance.
The yak gores you but does no damage.
A yak comes into view.
The yak gores you!
* * * LOW HITPOINT WARNING * * *
The yak gores you!
You die...

#########.
#.#.........
#...YY#
...)...#@#
.[YY...).#
##.#####.# #
#.# #.. #@#
#.. ###


You could see Erica and 4 yaks.

Vanquished Creatures
  A two-headed ogre (D:8)
  Eustachio (D:5)
  A steam dragon (D:8)
  Edmund (D:5)
  Menkaure (D:5)
  2 water moccasins (D:6)
  2 sky beasts
  An ice beast (D:6)
  2 orc warriors
  2 black bears
  3 ogres
  2 centaurs (D:7)
  2 scorpions
  A gnoll sergeant (D:6)
  A bullfrog (D:6)
  4 howler monkeys (D:7)
  3 hounds
  4 orc priests
  6 jellies
  An iron imp (D:3)
  6 iguanas (D:6)
  11 orc wizards
  6 gnolls
  8 adders
  A river rat (Sewer)
  5 worms
  A dart slug (D:4)
  23 orcs
  3 bats
  9 endoplasms
  8 giant cockroaches
  A goblin (D:3)
  7 hobgoblins
  5 jackals
  2 quokkas
  11 ball pythons
  5 frilled lizards
  5 kobolds
  17 rats
175 creatures vanquished.

Notes
Turn   | Place    | Note
-------+----------+-------------------------------------------
     0 | D:1      | Jakudza the Tengu Air Elementalist began the quest for the
                  | Orb.
     0 | D:1      | Reached XP level 1. HP: 10/10 MP: 4/4
    38 | D:1      | Gained mutation: Armour fits poorly on your strangely
                  | shaped body. [potion of mutation]
   451 | D:1      | Reached XP level 2. HP: 15/15 MP: 0/6
   587 | D:1      | Found a faded altar of an unknown god.
  1186 | D:2      | Found a shadowy altar of Dithmenos.
  1455 | D:2      | Found Upir's Assorted Antiques.
  1478 | D:2      | Reached XP level 3. HP: 19/19 MP: 2/7
  1570 | D:2      | Learned a level 2 spell: Static Discharge
  2861 | D:3      | Reached skill level 1 in Fighting
  2861 | D:3      | Reached XP level 4. HP: 15/25 MP: 2/9
  3094 | D:3      | Identified the +0 ring mail "Kinoredoxi" {rN+}
  3145 | D:3      | Found a white marble altar of Elyvilon.
  3146 | D:3      | Found a hide-covered altar of Uskayaw.
  3152 | D:3      | Reached skill level 5 in Air Magic
  3190 | D:3      | Found a bloodstained altar of Trog.
  3191 | D:3      | Found a shimmering altar of Xom.
  3191 | D:3      | Found a glowing silver altar of Zin.
  3193 | D:3      | Found an opulent altar of Gozag.
  3194 | D:3      | Found a stormy altar of Qazlal.
  3196 | D:3      | Found a burning altar of Makhleb.
  3542 | D:3      | Learned a level 4 spell: Airstrike
  3588 | D:3      | Found a blossoming altar of Fedhas.
  3637 | D:3      | Found a snail-covered altar of Cheibriados.
  3660 | D:3      | Gained mutation: Your magical nature lets you fly swiftly
                  | and evasively. [Tengu growth]
  3660 | D:3      | Reached XP level 5. HP: 16/29 MP: 0/10
  4805 | D:4      | HP: 1/30 [orc priest/nerve-wracking pain (11)]
  4882 | D:4      | Reached XP level 6. HP: 9/35 MP: 6/12
  5791 | D:5      | Entered Level 5 of the Dungeon
  5791 | D:5      | Noticed Edmund
  5887 | D:5      | Killed Edmund
  5888 | D:5      | Reached skill level 6 in Air Magic
  6007 | D:5      | Reached XP level 7. HP: 35/40 MP: 9/13
  6225 | D:5      | Noticed Eustachio
  6230 | D:5      | Killed Eustachio
  6331 | D:5      | Reached skill level 7 in Air Magic
  6693 | D:5      | Noticed Menkaure
  6697 | D:5      | Killed Menkaure
  6698 | D:5      | Reached XP level 8. HP: 46/46 MP: 1/15
  6897 | D:5      | Identified the +5 chain mail of Gluttony {rC++}
  7139 | D:5      | Reached skill level 5 in Spellcasting
  7254 | D:5      | Reached skill level 5 in Conjurations
  7443 | D:6      | Reached skill level 8 in Air Magic
  7499 | D:6      | Found Wuqamacu's Lightly-Used Armoury.
  7528 | D:6      | Found a glowing drain.
  7567 | Sewer    | Entered a sewer
  7792 | Sewer    | Found a viscous altar of Jiyva.
  8135 | D:6      | Found a staircase to the Ecumenical Temple.
  8196 | Temple   | Entered the Ecumenical Temple
  8244 | D:6      | Reached XP level 9. HP: 52/52 MP: 12/18
  8350 | D:6      | Reached skill level 5 in Dodging
  8408 | D:6      | Reached skill level 9 in Air Magic
  9595 | D:7      | Reached skill level 10 in Air Magic
 10782 | D:7      | Found a radiant altar of Vehumet.
 10786 | D:7      | Became a worshipper of Vehumet
 10789 | D:7      | Found an ancient bone altar of Kikubaaqudgha.
 10790 | D:7      | Found a shimmering blue altar of Sif Muna.
 10796 | D:7      | Got Kikubaaqudgha's Catalogue of Blasphemous Arts
 10840 | D:7      | Reached skill level 11 in Air Magic
 11227 | D:8      | Noticed a two-headed ogre
 11230 | D:8      | Killed a two-headed ogre
 11231 | D:8      | Reached XP level 10. HP: 56/56 MP: 7/20
 11438 | D:8      | Noticed Erica
 11439 | D:8      | Slain by a yak

Illustrated notes

Levels and vault maps discovered:
D:1:      eino_arrival_tree_alley, layout_loops_ring, basic_ecumenical_altar
D:2:      layout_loops_corners, serial_shops, shop, basic_altar,
          grunt_ministairs_7
D:3:      minmay_bubble_buster, layout_loops_corners, slow_altar_1, minitemple,
          fedhas_altar_2, minmay_diced_spiral
D:4:      layout_basic, nicolae_underground_beach
D:5:      layout_loops_ring, uniq_menkaure, uniq_eustachio, uniq_edmund
D:6:      layout_gridville, minmay_temple_entry_junction_2,
          portal_sewer_entry_b, minmay_shop_damaged
D:7:      layout_rooms, grunt_temple_overflow_magic_moments,
          serial_co_window_serial, co_window_paths_a, co_window_paths_a,
          co_window_corner_a, co_window_paths_a, co_window_of_opportunity_a,
          co_window_paths_a, co_window_paths_a, co_window_paths_a,
          co_window_cross_1, co_window_2corner, co_window_corner_b,
          co_window_paths_c, co_window_corner_cb, co_window_cross_3,
          co_window_broadway_b
D:8:      layout_loops_ring, serial_shops, nicolae_lakefront_shop, uniq_erica
Temple:   hellmonk_temple_rainy

Skill      XL: |  1  2  3  4  5  6  7  8  9 10 |
---------------+-------------------------------+-----
Conjurations   | 2 3 4 5 8 |  8.2
Fighting       | 1 2 3 4 |  4.0
Air Magic      | 5 6 7 8 11 | 11.8
Spellcasting   | 3 4 5 6 |  6.0
Dodging        | 3 4 6 7 |  7.0
Stealth        | |  2.2

Action                   |  1- 3 |  4- 6 |  7- 9 | 10-12 || total
-------------------------+-------+-------+-------+-------++-------
Melee: Unarmed           |     3 |       |       |       ||     3
       Dagger            |    10 |    11 |     2 |       ||    23
       Kick              |     4 |     6 |     1 |       ||    11
       Peck              |     3 |     2 |     1 |       ||     6
       Mace              |       |       |    11 |       ||    11
 Cast: Shock             |    82 |    75 |   151 |     5 ||   313
       Static Discharge  |       |     9 |    17 |     5 ||    31
       Airstrike         |       |     4 |    42 |       ||    46
  Use: Scroll            |     7 |     7 |     5 |       ||    19
       Potion            |     1 |       |       |       ||     1
Armor: Robe              |     2 |     3 |     2 |     1 ||     8
Dodge: Dodged            |    18 |    16 |    29 |     7 ||    70
